 Dungeon Crawl Stone Soup version 0.21-a0-349-g0c35859 (webtiles) character file.

13187 Hasart the Basher (level 11, -3/81 HPs)
             Began as a Mummy Fighter on Oct 8, 2017.
             Was an Initiate of Gozag.
             Slain by a fire crab (15 damage)
             ... on level 2 of the Lair of Beasts.
             The game lasted 00:40:11 (15098 turns).

Hasart the Basher (Mummy Fighter)                  Turns: 15098, Time: 00:40:11

Health: -3/81      AC: 11    Str: 23    XL:     11   Next: 72%
Magic:  13/14      EV:  9    Int:  8    God:    Gozag
Gold:   686        SH: 10    Dex: 11    Spells: 10/10 levels left

rFire    . . .     SeeInvis .   a - +1 flail
rCold    + . .     Gourm    .   c - +0 shield
rNeg     + + +     Faith    .   b - +0 scale mail
rPois    ∞         Spirit   .   l - +1 helmet
rElec    .         Reflect  .   (no cloak)
rCorr    .         Harm     .   n - +1 pair of gloves
MR       ++...                  (no boots)
Stlth    ..........             u - amulet of regeneration
HPRegen  0.63/turn              k - ring of protection from fire
MPRegen  0.14/turn              v - ring of protection from magic

@: about to teleport, gold aura
A: no food or potions, fire vulnerability, cold resistance 1, negative energy
resistance 3, torment resistance, unbreathing
a: Potion Petition, Call Merchant, Bribe Branch, Renounce Religion


You were on level 2 of the Lair of Beasts.
You worshipped Gozag.
Gozag was pleased with you.
You were not hungry.

You visited 2 branches of the dungeon, and saw 12 of its levels.
You also visited: Ossuary.

You collected 2536 gold pieces.
You paid 1850 gold pieces to Gozag.

Inventory:

Hand Weapons
 a - a +1 flail (weapon)
Missiles
 e - 7 javelins (quivered)
 p - a throwing net
Armour
 b - a +0 scale mail (worn)
 c - a +0 shield (worn)
 l - a +1 helmet (worn)
 n - a +1 pair of gloves (worn)
 q - a +0 plate armour
Jewellery
 k - a ring of protection from fire (left hand)
 m - an uncursed ring of protection from cold
 o - an uncursed ring of stealth
 r - an uncursed ring of stealth
 u - an amulet of regeneration (around neck)
 v - a ring of protection from magic (right hand)
Wands
 t - a wand of flame (6/48)
 w - a wand of flame (27/48)
 x - a wand of digging (19/24)
 z - a wand of polymorph (0/24)
 A - a wand of polymorph (11/24)
Scrolls
 d - 6 scrolls of remove curse
 f - 3 scrolls of immolation
 g - 10 scrolls of identify
 h - a scroll of enchant armour
 j - a scroll of amnesia
 B - a scroll of fog {unknown}
Books
 s - a book of Changes

   Spells                             Type                      Level
   a - Beastly Appendage              Transmutation                1
   b - Sticks to Snakes               Transmutation                2
   c - Spider Form                    Transmutation/Poison         3
   d - Ice Form                       Ice/Transmutation            4
   e - Blade Hands                    Transmutation                5
 y - a book of Death

   Spells                             Type                      Level
   a - Corpse Rot                     Necromancy                   2
   b - Sublimation of Blood           Necromancy                   2
   c - Agony                          Necromancy                   5
   d - Dispel Undead                  Necromancy                   5
   e - Excruciating Wounds            Charms/Necromancy            5
   f - Bolt of Draining               Conjuration/Necromancy       5
Miscellaneous
 C - a lamp of fire


   Skills:
 + Level 5.9 Fighting
 * Level 11.1 Maces & Flails
 - Level 6.4 Throwing
 + Level 4.9 Armour
 + Level 3.9 Dodging
 + Level 4.8 Shields
 + Level 4.0 Evocations


You had 10 spell levels left.
You didn't know any spells.

Dungeon Overview and Level Annotations

Branches:
Dungeon (10/15)            Temple (0/1) D:7            Lair (2/6) D:8
  Swamp: Lair:2-4    Shoals: Lair:2-4     Snake: Lair:2-4    Spider: Lair:2-4
    Orc: D:9-12

Altars:
Elyvilon
Fedhas
Gozag
Hepliaklqana
Makhleb
Okawaru
Ru
Trog
Vehumet
Wu Jian
Xom
Zin

Shops:
D:8 *   Lair:2 (

Annotations:
D:7 p0werm0de's ghost, novice FoCK
D:8 1 runed door


Innate Abilities, Weirdness & Mutations

You do not eat or drink.
Your flesh is vulnerable to fire.
You are immune to poison.
Your flesh is cold resistant. (rC+)
You are immune to negative energy. (rN+++)
You are immune to unholy pain and torment.
You can survive without breathing.


Message History

You block the fire crab's attack.
Evoke which item? (* to show all) (? for menu, Esc to quit)
This wand has no charges.
Evoke which item? (* to show all) (? for menu, Esc to quit)
Aiming: Polymorph (will waste charges)
Press: ? - help, Shift-Dir - straight line, f/p - fire crab
Aim: a fire crab (flame, lightly wounded, chance to defeat MR: 40%)
The fire crab resists with some effort.
Evoking this partially-identified wand wasted a few charges.
The fire crab bites you.
You are engulfed in flames!
* * * LOW HITPOINT WARNING * * *
The fire crab claws you but does no damage.
Unknown command.
Unknown command.
As you read the scroll of teleportation, it crumbles to dust.
You feel strangely unstable. The fire crab bites you.
* * * LOW HITPOINT WARNING * * *
You are engulfed in flames!
You die...
Your body crumbles into a pile of gold.

##...#...#.####....#.P.P........
#..######....#.###..............
##.##### #.#...##
###.PP.##P.#..# #....#.#########
#.............. ###.#.#...######
####.P.####.##. ##...##...##.#
#.............. #########...##
##...#..#....#.
##.#.###..............
####@##.#..........PP
####t##..............
#.$$####.#........P.# #..##
#.............. ...##
#P###.###.###.. ### # ### ###
##P ##


You could see a fire crab.

Vanquished Creatures
  A two-headed ogre (D:10)
  Pikel (D:7)
  A deep elf mage (D:10)
  A cyclops (D:10)
  2 black mambas (Lair:2)
  4 spiny frogs
  A komodo dragon (Lair:1)
  A rime drake (Lair:1)
  A yaktaur (Lair:2)
  4 blink frogs
  A hippogriff (Lair:2)
  A basilisk (Lair:1)
  14 yaks
  A steam dragon (D:9)
  A hungry ghost (D:10)
  Grum (D:9)
  A soldier ant (D:9)
  4 water moccasins
  Duvessa (D:7)
  3 porcupines
  2 slaves (D:7)
  3 ice beasts
  4 phantoms
  2 orc warriors
  4 ogres
  A sky beast (D:6)
  2 wolves (D:9)
  3 crocodiles
  7 centaurs
  Blork the orc (D:5)
  7 bullfrogs
  Dowan (D:7)
  A wyvern skeleton (D:7)
  3 scorpions
  2 howler monkeys (D:9)
  4 crimson imps
  5 hounds
  A bullfrog zombie (D:9)
  6 centaur zombies
  3 orc priests
  A bullfrog skeleton (D:7)
  A centaur skeleton (D:9)
  2 iguanas
  5 orc wizards
  5 worker ants
  A big kobold zombie (Ossuary)
  2 hound skeletons
  6 mummies (Ossuary)
  A worker ant zombie (D:5)
  2 gnolls (D:3)
  A howler monkey skeleton (D:8)
  12 adders
  2 shadow imps
  2 oozes
  2 adder zombies
  3 worms
  3 leopard geckos
  42 orcs
  A ball python (D:3)
  4 bats
  5 giant cockroaches
  10 goblins
  6 hobgoblins
  11 jackals
  2 quokkas (D:9)
  3 frilled lizards
  5 hobgoblin zombies (Ossuary)
  7 kobolds
  A quokka skeleton (D:5)
  9 rats
264 creatures vanquished.

Vanquished Creatures (others)
  A water moccasin (Lair:2)
  A slave (D:7)
  A bullfrog zombie (D:7)
  A worker ant (D:7)
4 creatures vanquished.

Grand Total: 268 creatures vanquished

Notes
Turn   | Place    | Note
-------+----------+-------------------------------------------
     0 | D:1      | Hasart the Mummy Fighter began the quest for the Orb.
     0 | D:1      | Reached XP level 1. HP: 18/18 MP: 1/1
    33 | D:1      | Reached skill level 2 in Maces & Flails
   222 | D:1      | Reached XP level 2. HP: 22/24 MP: 2/2
   952 | D:2      | Reached XP level 3. HP: 21/29 MP: 3/3
  1085 | D:2      | Found an opulent altar of Gozag.
  1090 | D:2      | Became a worshipper of Gozag Ym Sagoz the Greedy
  1301 | D:2      | Reached skill level 1 in Throwing
  1580 | D:2      | Found a burning altar of Makhleb.
  2149 | D:3      | Reached skill level 3 in Maces & Flails
  2355 | D:3      | Found a glowing silver altar of Zin.
  2472 | D:3      | Reached XP level 4. HP: 35/35 MP: 4/4
  3445 | D:4      | Noticed an ogre
  3450 | D:4      | Killed an ogre
  3450 | D:4      | Reached skill level 4 in Maces & Flails
  3450 | D:4      | Reached XP level 5. HP: 20/41 MP: 5/5
  3897 | D:4      | Noticed a phantom
  3942 | D:4      | Killed a phantom
  3942 | D:4      | Reached XP level 6. HP: 22/47 MP: 6/6
  4223 | D:4      | Reached skill level 5 in Maces & Flails
  4678 | D:4      | Reached XP level 7. HP: 28/52 MP: 7/7
  4845 | D:5      | Entered Level 5 of the Dungeon
  5094 | D:5      | Found a sand-covered staircase.
  5100 | Ossuary  | Entered an ossuary
  5250 | Ossuary  | Reached skill level 6 in Maces & Flails
  5580 | D:5      | Noticed Blork the orc
  5585 | D:5      | Killed Blork the orc
  5620 | D:5      | Found a white marble altar of Elyvilon.
  5653 | D:5      | Reached XP level 8. HP: 58/58 MP: 8/8
  6030 | D:6      | Reached skill level 7 in Maces & Flails
  6186 | D:6      | Found a radiant altar of Vehumet.
  6634 | D:6      | Reached skill level 5 in Throwing
  6914 | D:6      | Reached skill level 8 in Maces & Flails
  7042 | D:7      | Noticed Duvessa
  7042 | D:7      | Noticed Dowan
  7205 | D:7      | Killed Duvessa
  7205 | D:7      | Reached XP level 9. HP: 40/63 MP: 9/9
  7332 | D:7      | Killed Dowan
  7361 | D:7      | Found a staircase to the Ecumenical Temple.
  7396 | D:7      | Noticed p0werm0de's ghost (novice FoCK)
  7493 | D:7      | Found an iron altar of Okawaru.
  7812 | D:7      | Found a sacrificial altar of Ru.
  7839 | D:7      | Noticed Pikel
  7865 | D:7      | Killed Pikel
  7865 | D:7      | Reached skill level 9 in Maces & Flails
  8115 | D:8      | Found a staircase to the Lair.
  8119 | D:8      | Found a shimmering altar of Xom.
  8152 | D:8      | Found a blossoming altar of Fedhas.
  8283 | D:8      | Found a bloodstained altar of Trog.
  8404 | D:8      | Found an ornate altar of the Wu Jian Council.
  8458 | D:8      | Found Nuwaur's Assorted Antiques.
  9162 | D:8      | Found a runed door.
  9261 | Lair:1   | Entered Level 1 of the Lair of Beasts
  9770 | D:8      | Reached skill level 1 in Dodging
  9770 | D:8      | Reached skill level 1 in Evocations
  9770 | D:8      | Reached XP level 10. HP: 45/70 MP: 10/10
 10216 | Lair:1   | Noticed a spiny frog
 10232 | Lair:1   | Killed a spiny frog
 10399 | Lair:1   | Reached skill level 10 in Maces & Flails
 11132 | Lair:2   | Noticed a spiny frog
 11132 | Lair:2   | Noticed a spiny frog
 11375 | Lair:2   | Noticed a black mamba
 11394 | Lair:2   | Killed a black mamba
 11694 | Lair:1   | Killed a spiny frog
 12269 | Lair:2   | Noticed a spiny frog
 12272 | Lair:2   | Killed a spiny frog
 12272 | Lair:2   | Reached XP level 11. HP: 78/78 MP: 13/13
 12977 | D:9      | Noticed a two-headed ogre
 13128 | D:9      | Reached skill level 5 in Fighting
 13339 | D:9      | Noticed Grum
 13352 | D:9      | Killed Grum
 13491 | D:9      | Found a hazy altar of Hepliaklqana.
 13854 | D:10     | Entered Level 10 of the Dungeon
 13854 | D:10     | Noticed a two-headed ogre
 14072 | D:10     | Killed a two-headed ogre
 14283 | D:10     | Noticed a deep elf mage
 14284 | D:10     | Noticed a green ugly thing
 14379 | D:10     | Killed a deep elf mage
 14518 | D:10     | Noticed a deep elf mage
 14582 | D:9      | Reached skill level 11 in Maces & Flails
 14674 | D:8      | You fall through a shaft for 2 floors!
 15094 | Lair:2   | Noticed a fire crab
 15094 | Lair:2   | a black mamba changed into a fire crab
 15098 | Lair:2   | Slain by a fire crab

Vault maps used:
D:1:      saegor_arrival_simple_c
D:2:      nicolae_gozag_cash_rules_everything_around_me,
          overflow_temple_1_default, first_bread, supply_closet_lemuel,
          corexii_leaking_fountain, serial_bayou_crossing
D:3:      lemuel_coloured_pillars_altar, nrook_mini_vaults
D:4:      grunt_ministairs_13
D:5:      lemuel_doored_altar, lightli_ossuary_entry_decrepit_ruins,
          uniq_blork_the_orc
D:6:      vehumet_crystals
D:7:      lemuel_round_altar, nemelex_altar_shiori, kennysheep_mini_moat,
          minmay_temple_entry_large_hall, uniq_pikel, uniq_duvessa
D:8:      overflow_temple_1_default, kennysheep_mini,
          grunt_temple_overflow_open, lair_entry_dummy, serial_shops,
          nicolae_shop_waterfront, lightli_church_of_beogh
D:9:      nicolae_whirlpool, old_standard_altar, uniq_grum
D:10:     minmay_cut_squares, kennysheep_orc_monster_closet_entryway,
          serial_shops, shop, blue_anna_alchemist, minmay_ruffians
Lair:1:   grunt_megastairs_5, serial_bayou_shore_b
Lair:2:   minmay_guarded_unrand_snakebite, minmay_stone_trees_small,
          lemuel_old_faithful
Ossuary:  ossuary_the_hunt_dpeg

Skill      XL: |  1  2  3  4  5  6  7  8  9 10 11 |
---------------+----------------------------------+-----
Maces & Flails | 2 3 4 5 6 8 9 10 11 | 11.1
Throwing       | 1 2 3 4 5 6 |  6.4
Dodging        | 1 3 |  3.9
Evocations     | 1 2 4 |  4.0
Armour         | 4 |  4.9
Shields        | 4 |  4.8
Fighting       | 4 5 |  5.9

Action                   |  1- 3 |  4- 6 |  7- 9 | 10-12 || total
-------------------------+-------+-------+-------+-------++-------
Melee: Flail             |   162 |   218 |   529 |   570 ||  1479
Throw: Javelin           |       |     7 |    21 |    69 ||    97
       Throwing net      |       |       |       |     4 ||     4
Invok: Potion Petition   |       |       |     2 |     2 ||     4
       Call Merchant     |       |       |       |     1 ||     1
Evoke: Wand              |       |       |       |     5 ||     5
  Use: Scroll            |     2 |       |     9 |     7 ||    18
 Stab: Invisible         |       |       |     3 |       ||     3
       Sleeping          |       |       |     1 |       ||     1
       Distracted        |       |       |     1 |     2 ||     3
Armor: Scale mail        |    53 |    80 |   132 |   176 ||   441
Dodge: Dodged            |    44 |    48 |   117 |   146 ||   355
Block: Shield            |    77 |    85 |   180 |   258 ||   600

Table legend:
 A = Spawn XP
 B = Non-spawn XP
 C = Spawn XP percentage of total XP
 D = Spawn monster count
 E = Non-spawn monster count
 F = Spawn count percentage of total count
 G = Total turns spent on level
                    A         B        C        D         E        F      G
               +---------+---------+-------+---------+---------+-------+---------
         Total |       0 |   18839 |   0.0 |       0 |     263 |   0.0 | 15098
               +---------+---------+-------+---------+---------+-------+---------
           D:1 |       0 |      37 |   0.0 |       0 |      23 |   0.0 |   906
           D:2 |       0 |      29 |   0.0 |       0 |      11 |   0.0 |   981
           D:3 |       0 |     113 |   0.0 |       0 |      24 |   0.0 |  1503
           D:4 |       0 |     576 |   0.0 |       0 |      30 |   0.0 |  1455
           D:5 |       0 |     570 |   0.0 |       0 |      17 |   0.0 |   761
           D:6 |       0 |     945 |   0.0 |       0 |      21 |   0.0 |  1204
           D:7 |       0 |    1595 |   0.0 |       0 |      20 |   0.0 |   944
           D:8 |       0 |     676 |   0.0 |       0 |      22 |   0.0 |  1418
           D:9 |       0 |    3228 |   0.0 |       0 |      31 |   0.0 |  1441
          D:10 |       0 |    2804 |   0.0 |       0 |      13 |   0.0 |   596
        Lair:1 |       0 |    4125 |   0.0 |       0 |      18 |   0.0 |  2033
        Lair:2 |       0 |    3868 |   0.0 |       0 |      18 |   0.0 |  1464
       Ossuary |       0 |     273 |   0.0 |       0 |      15 |   0.0 |   392
               +---------+---------+-------+---------+---------+-------+---------
